 Dungeon Crawl Stone Soup version 0.28.0-49-g6dfe1f597d (webtiles) character file.

Game seed: 5208759753778286102

15 Exodus22XD the Sneak (level 2, 15/15 HPs)
             Began as a Kobold Enchanter on May 15, 2022.
             Was a Believer of Lugonu.
             Quit the game on level 1 of the Dungeon.
             The game lasted 00:00:36 (481 turns).

Exodus22XD the Sneak (Kobold Enchanter)              Turns: 481, Time: 00:00:36

Health: 15/15      AC:  2    Str:  5    XL:     2   Next: 65%
Magic:  5/5        EV: 15    Int: 16    God:    Lugonu [**....]
Gold:   31         SH:  0    Dex: 15    Spells: 3/5 levels left

rFire   . . .      SeeInvis .   a - +1 dagger
rCold   . . .      Faith    .   (no shield)
rNeg    . . .      Spirit   .   b - +0 robe
rPois   .          Reflect  .   (no helmet)
rElec   .          Harm     .   (no cloak)
rCorr   .          Rampage  .   (no gloves)
Will    .....                   (no boots)
Stlth   ++++......              (no amulet)
HPRegen 0.05/turn               (no ring)
MPRegen 0.09/turn               (no ring)

@: no status effects
A: small, no large weapons, nightstalker 3
a: Renounce Religion, Depart the Abyss, Bend Space


You were on level 1 of the Dungeon.
You worshipped Lugonu.
Lugonu was pleased with you.
You visited 1 branch of the dungeon, and saw 1 of its levels.

You collected 31 gold pieces.

Inventory:

Hand Weapons
 a - a +1 dagger (weapon)
Armour
 b - a +0 robe (worn)
Scrolls
 g - a scroll of enchant armour {unknown}
Potions
 c - a potion of invisibility
 d - a potion of heal wounds {unknown}
 e - a potion of lignification {unknown}
 f - a potion of flight {unknown}


   Skills:
 - Level 1.3 Short Blades
 - Level 2.4 Dodging
 + Level 5.3 Stealth
 - Level 2.1 Spellcasting
 - Level 3.0 Hexes


You had 3 spell levels left.
You knew the following spells:

 Your Spells              Type           Power      Damage    Failure   Level
a - Ensorcelled Hibernat  Hex/Ice        12%        N/A       17%         2

Your spell library contained the following spells:

 Spells                   Type           Power      Damage    Failure   Level
 Confusing Touch          Hex            11%        N/A       19%         3
 Tukima's Dance           Hex            11%        N/A       19%         3
 Dazzling Flash           Conj/Hex       12%        N/A       32%         3


Dungeon Overview and Level Annotations

Branches:
Dungeon (1/15)

Altars:
Lugonu


Innate Abilities, Weirdness & Mutations

You are small and have problems with some larger weapons.
You are completely attuned to the shadows.


Message History

You closely miss the bat. The bat misses you.
You miss the bat. The bat closely misses you. The bat closely misses you.
You closely miss the bat. The bat hits you but does no damage.
The bat completely misses you. The bat misses you.
You hit the bat.
The bat is severely wounded.
The bat hits you but does no damage.
You hit the bat.
You kill the bat!
No target in view!
A frilled lizard comes into view.
The frilled lizard hisses angrily.
You hit the frilled lizard.
The frilled lizard is heavily wounded.
You barely miss the frilled lizard.
The frilled lizard is heavily wounded.
The frilled lizard closely misses you.
You hit the frilled lizard.
You kill the frilled lizard!
No target in view!
No target in view!
You see here a frilled lizard corpse.
Found a scroll labelled HAEQAQ GIHO.
A goblin comes into view. It is wielding a +0 club.
Found a faded altar of an unknown god.
You see here a scroll labelled HAEQAQ GIHO.
The helpless goblin fails to defend itself.
You impale the goblin!!
You kill the goblin!
You see here a +0 club.
There is a faded altar of an unknown god here.
You cannot tell which god this altar belongs to.
Convert to them anyway?
Lugonu accepts your prayer! Lugonu welcomes you!
You can now depart the Abyss.
You can now bend space around yourself.
You see here a +0 club.
g - a scroll labelled HAEQAQ GIHO Are you sure you want to abandon this character and quit the game? (Confirm with "yes".)

..........#########
......######......######
##....# #......†....#
......# #...##.....# #####.#
##.8.##.....# P #.#
#.....##....####. .
#.######.....##.........
#.....#.......#...>.....
##.####..8.8@.#......... #.#
#.......#....#.##. #.#
#.....##......# #.#
#..)..####.###.. #.#
##8_8###...# .# ######.##
######..#.##...#
.(......#######.....#..#...#
........#....##.....##.....#
........#.##.###....##...#.#


There were no monsters in sight!

Vanquished Creatures
  A bat (D:1)
  2 giant cockroaches (D:1)
  2 goblins (D:1)
  A hobgoblin (D:1)
  2 jackals (D:1)
  A quokka (D:1)
  A ball python (D:1)
  A frilled lizard (D:1)
  A kobold (D:1)
  A rat (D:1)
13 creatures vanquished.

Notes
Turn   | Place    | Note
-------+----------+-------------------------------------------
     0 | D:1      | Exodus22XD the Kobold Enchanter began the quest for the
                  | Orb.
     0 | D:1      | Reached XP level 1. HP: 10/10 MP: 3/3
   362 | D:1      | Reached XP level 2. HP: 15/15 MP: 5/5
   391 | D:1      | Reached skill level 5 in Stealth
   407 | D:1      | Learned a level 2 spell: Ensorcelled Hibernation
   466 | D:1      | Found a faded altar of an unknown god.
   472 | D:1      | Prayed at the altar of an unknown god.
   472 | D:1      | Became a worshipper of Lugonu the Unformed
   472 | D:1      | Reached * piety under Lugonu
   472 | D:1      | Reached ** piety under Lugonu
   481 | D:1      | Quit the game

Illustrated notes

Levels and vault maps discovered:
D:1:      minmay_arrival_arboretum_small, layout_basic,
          hellmonk_ecumenical_altar_prayer_group, minmay_curled_crystal,
          nrook_uturn

Skill      XL: |  1  2 |
---------------+-------+-----
Stealth        | 5 |  5.3
Short Blades   | |  1.3
Dodging        | |  2.4
Spellcasting   | |  2.1
Hexes          | |  3.0

Action                   || total
-------------------------++-------
Melee: Dagger            ||    39
       Punch             ||     1
 Stab: Sleeping          ||     7
Armor: Robe              ||    12
Dodge: Dodged            ||    25
